 Dungeon Crawl Stone Soup version 0.16.1-11-g651b585 (webtiles) character file.

59 jacksonaction the Conjurer (level 3, -4/24 HPs)
             Began as a Demonspawn Wizard on Apr 4, 2015.
             Slain by a gnoll
             ... wielding a +0 halberd
              (7 damage)
             ... on level 2 of the Dungeon.
             The game lasted 00:08:25 (1341 turns).

jacksonaction the Conjurer (Demonspawn Wizard)      Turns: 1341, Time: 00:08:25

Health: -4/24      AC:  2    Str:  7    XL:     3   Next: 78%
Magic:  0/7        EV: 12    Int: 20    God:
Gold:   46         SH:  0    Dex: 11    Spells: 2 memorised, 5 levels left

rFire  . . .     SeeInvis .     (no weapon)
rCold  . . .     Clarity  .     a - +0 robe
rNeg   . . .     SustAb   .     (no shield)
rPois  .         Gourm    .     b - +0 hat
rElec  .         Spirit   .     (no cloak)
rCorr  .         Warding  .     (no gloves)
rMut   .         Stasis   .     (no boots)
MR     .....                    (no amulet)
Stlth  ++........               (no ring)
                                (no ring)

@: not resistant to hostile enchantments, unstealthy
A: powered by death 1
a: no special abilities


You were on level 2 of the Dungeon.
You were not hungry.

You visited 1 branch of the dungeon, and saw 2 of its levels.

You collected 46 gold pieces.

Inventory:

Missiles
 h - 4 stones (quivered)
Armour
 a - a +0 robe (worn)
 b - a +0 hat (worn)
 j - a +0 cloak
Scrolls
 f - a scroll of fog {unknown}
 g - a scroll of identify {unknown}
 k - a scroll of teleportation {unknown}
 m - a scroll of fear {unknown}
Potions
 e - a potion of lignification {unknown}
 l - a potion of flight {unknown}
 n - a potion of curing {unknown}
Books
 c - a book of Minor Magic

   Spells                             Type                      Level
   a - Magic Dart                     Conjuration                  1
   b - Blink                          Translocation                2
   c - Call Imp                       Summoning                    2
   d - Repel Missiles                 Charms/Air                   2
   e - Slow                           Hexes                        2
   f - Conjure Flame                  Conjuration/Fire             3
   g - Mephitic Cloud                 Conjuration/Poison/Air       3
Comestibles
 d - a bread ration
 i - a meat ration
 o - a chunk of flesh


   Skills:
 - Level 1.7 Dodging
 - Level 1.7 Stealth
 - Level 3.0 Spellcasting
 + Level 3.7 Conjurations
   Level 1.0 Summonings
 + Level 0.8 Translocations


You had 5 spell levels left.
You knew the following spells:

 Your Spells              Type           Power        Failure   Level  Hunger
a - Magic Dart            Conj           ###.         2%          1    None
b - Blink                 Tloc           N/A          17%         2    ##.....


Dungeon Overview and Level Annotations

Branches:
Dungeon (2/15)

Altars:


Innate Abilities, Weirdness & Mutations

You can steal the life force of nearby defeated enemies.


Message History

You see here a robe.
An adder comes into view.
Casting: Magic Dart
Confirm with . or Enter, or press ? or * to list all spells.
Aiming: Magic Dart
Press: ? - help, Shift-Dir - straight line, f - adder
Aim: an adder The magic dart hits the adder.
The adder is moderately wounded.
The goblin closely misses you.
You hit the goblin.
The goblin is severely wounded.
The goblin hits you but does no damage.
The gnoll hits you from afar with a halberd!
Ouch! That really hurt!
* * * LOW HITPOINT WARNING * * *
Casting: Magic Dart
Confirm with . or Enter, or press ? or * to list all spells.
You blink.
The goblin misses you. The gnoll hits you with a halberd!
You die...

#.# #.# #.# #.#
########.# #.#
....g....# #.#
g#######.#
#.###############
.# #.#
#...............#
.# #####.#
###############.#
.###...#.#########
#.#
............[..g@#
#.#
.##[........####g#
#.# ..........#.#
#S# #.#
.......)..#.# #.#
#.# #.[.........#
#.# #.##
###..†.####.# #.#
#..# #....# #.#
#.# ##.# #.....
..# #.# #.#
#.#.### #.# #.#
#.#


You could see a gnoll, an adder and a goblin.

Vanquished Creatures
  2 gnolls (D:2)
  2 adders (D:2)
  An orc (D:1)
  4 giant cockroaches
  2 hobgoblins
  2 bats (D:1)
  2 giant newts (D:1)
  6 goblins
  A kobold (D:1)
  7 rats (D:1)
29 creatures vanquished.

Notes
Turn   | Place    | Note
--------------------------------------------------------------
     0 | D:1      | jacksonaction, the Demonspawn Wizard, began the quest for the Orb.
     0 | D:1      | Reached XP level 1. HP: 13/13 MP: 4/4
   241 | D:1      | Gained mutation: You can steal the life force of nearby defeated enemies. [demonic ancestry]
   241 | D:1      | Reached XP level 2. HP: 19/19 MP: 3/6
  1111 | D:2      | Learned a level 2 spell: Blink
  1148 | D:2      | Reached XP level 3. HP: 24/24 MP: 4/7
  1341 | D:2      | Slain by a gnoll

Action                   || total
-------------------------++-------
Melee: Unarmed           ||     7
 Cast: Magic Dart        ||    61
       Blink             ||     1
  Eat: Chunk             ||     1
